 Dungeon Crawl Stone Soup version 0.29.0-4-gdea44cf6ec (webtiles) character file.

Game seed: 10592580995970353083

42 qw the Chopper (level 3, 0/21 HPs)
             Began as a Tengu Warper on Aug 28, 2022.
             Succumbed to their own poison gas
             ... on level 1 of the Dungeon.
             The game lasted 00:00:07 (1733 turns).

qw the Chopper (Tengu Warper)                       Turns: 1733, Time: 00:00:08

Health: 0/21       AC:  3    Str: 13    XL:     3   Next: 54%
Magic:  7/7        EV: 12    Int: 13    God:
Gold:   65         SH:  0    Dex: 13    Spells: 6/6 levels left

rFire   . . .      SeeInvis .   Y - +0 hand axe
rCold   . . .      Faith    .   (no shield)
rNeg    . . .      Spirit   .   b - +0 leather armour
rPois   .          Reflect  .   (helmet restricted)
rElec   .          Harm     .   (no cloak)
rCorr   .          Rampage  .   (no gloves)
Will    .....                   (boots unavailable)
Stlth   +.........              (no amulet)
HPRegen 0.07/turn               (no ring)
MPRegen 0.10/turn               (no ring)

@: lethally poisoned (0 -> -2)
A: beak, talons 3
a: no special abilities


You were on level 1 of the Dungeon.
You visited 1 branch of the dungeon, and saw 1 of its levels.

You collected 65 gold pieces.


Innate Abilities, Weirdness & Mutations

You have a beak for a mouth.
You have claws for feet.


   Skills:
 - Level 2.0 Fighting
 + Level 4.2 Axes
 - Level 1.0 Throwing
 - Level 1.1 Armour
 - Level 2.1 Dodging
 - Level 2.0 Spellcasting
 - Level 2.4 Translocations


You had 6 spell levels left.
You didn't know any spells.
Your spell library contained the following spells:

 Spells                   Type           Power      Damage    Failure   Level
 Blink                    Tloc           14%        N/A       19%         2
 Gell's Gravitas          Tloc           7%         N/A       36%         3
 Lesser Beckoning         Tloc           7%         N/A       36%         3
 Teleport Other           Tloc           7%         N/A       36%         3
 Manifold Assault         Tloc           7%         N/A       98%         5

Inventory:

Hand Weapons
 d - a +0 whip
 Y - a +0 hand axe (weapon)
Armour
 b - a +0 leather armour (worn)
Scrolls
 k - a scroll of identify
Potions
 e - a potion of lignification {unknown}
 i - a potion of brilliance {unknown}

Dungeon Overview and Level Annotations

Branches:
Dungeon (1/15)

Altars:


Message History

1720 ||| READING scroll labelled IGAICIKHLIORE.
As you read the scroll labelled IGAICIKHLIORE, it crumbles to dust.
You feel aware of your surroundings.
It was a scroll of magic mapping.
Partly explored, can't reach some places.
1721 ||| DROPPING scroll of amnesia.
You drop a scroll of amnesia.
Partly explored, can't reach some places.
1722 ||| DROPPING scroll of blinking.
You drop a scroll of blinking.
Partly explored, can't reach some places.
1723 ||| DROPPING scroll of fear.
You drop a scroll of fear.
Partly explored, can't reach some places.
(D) Dungeon
Where to? (* - list waypoints, ? - help)
What level of the Dungeon? (default 1, ? - help) Sorry, I don't know how to get there.
Partly explored, can't reach some places.
1724 ||| Stepping randomly (stuck).
Really walk into that cloud of poison gas?
You are engulfed in poison gas.
You are lethally poisoned!
You feel very sick.
1725 ||| Stepping ~*~*~tactically~*~*~ (cloud).
You feel very sick.
Things that are here:
a scroll of fear; a scroll of blinking; a scroll of amnesia
There is a lethal amount of poison in your body!
You feel very sick.
There is a lethal amount of poison in your body!
You feel sick.
There is a lethal amount of poison in your body!
You feel sick.
There is a lethal amount of poison in your body!
You feel sick.
There is a lethal amount of poison in your body!
You feel sick.
There is a lethal amount of poison in your body!
You feel sick.
There is a lethal amount of poison in your body!
You feel sick.
There is a lethal amount of poison in your body!
You die...

...........777.7 77...77777 77
#####.....77...7777.777.77
..........77.777...77 77.777
.##.....777~770..777 77..777
##..777777~~~..777 777..7 #.777
7770~~777 77.7 ..77 77~0~~77
77.77 7 #..7 777770..~0~777 7.77
7 #..77777.....7.0@0~~7** 77.77 7
77...7.....7777..07~0~7*7.7.77777
777....7777 77.77*~~~777....7..


777777 777 *~~*7 777P7.P7 **** 777777 There were no monsters in sight!

Vanquished Creatures
  A ball python (D:1)
  4 bats (D:1)
  7 endoplasms (D:1)
  4 giant cockroaches (D:1)
  5 goblins (D:1)
  2 hobgoblins (D:1)
  2 jackals (D:1)
  A quokka (D:1)
  2 frilled lizards (D:1)
  3 kobolds (D:1)
  5 rats (D:1)
36 creatures vanquished.

Notes
Turn   | Place    | Note
-------+----------+-------------------------------------------
     0 | D:1      | qw the Tengu Warper began the quest for the Orb.
     0 | D:1      | Reached XP level 1. HP: 12/12 MP: 4/4
     0 | D:1      | 0 ||| qw: Version: 0.1-a-89-g26bdef1
     0 | D:1      | 0 ||| qw: Game counter: 1356
     0 | D:1      | 0 ||| qw: Always use a shield: true
     0 | D:1      | 0 ||| qw: God list: Okawaru
     0 | D:1      | 0 ||| qw: Allow faded altars: false
     0 | D:1      | 0 ||| qw: Do Orc after D:15 true
     0 | D:1      | 0 ||| qw: Do second Lair branch before Depths: true
     0 | D:1      | 0 ||| qw: Lair rune preference: random
     0 | D:1      | 0 ||| qw: Plans: Normal
     0 | D:1      | 0 ||| PLANNING D:1-11
   112 | D:1      | 112 ||| Stepping ~*~*~tactically~*~*~ (stealth).
   243 | D:1      | Reached skill level 3 in Axes
   243 | D:1      | Reached XP level 2. HP: 17/17 MP: 6/6
   253 | D:1      | 253 ||| Stepping ~*~*~tactically~*~*~ (stealth).
   353 | D:1      | 353 ||| Stepping ~*~*~tactically~*~*~ (stealth).
   355 | D:1      | 355 ||| Stepping ~*~*~tactically~*~*~ (stealth).
   470 | D:1      | 470 ||| Stepping ~*~*~tactically~*~*~ (stealth).
   507 | D:1      | 507 ||| Stepping ~*~*~tactically~*~*~ (stealth).
   509 | D:1      | HP: 4/17 [poisoned by a goblin]
   518 | D:1      | 518 ||| Stepping ~*~*~tactically~*~*~ (stealth).
   520 | D:1      | 520 ||| Stepping ~*~*~tactically~*~*~ (stealth).
   565 | D:1      | 565 ||| Stepping ~*~*~tactically~*~*~ (stealth).
   566 | D:1      | 566 ||| Stepping ~*~*~tactically~*~*~ (stealth).
   579 | D:1      | 579 ||| Stepping ~*~*~tactically~*~*~ (stealth).
   785 | D:1      | Reached XP level 3. HP: 16/21 MP: 7/7
  1026 | D:1      | Reached skill level 4 in Axes
  1484 | D:1      | Found a faded altar of an unknown god.
  1715 | D:1      | 1715 ||| READING 2 scrolls labelled TURHOD BANGE.
  1716 | D:1      | 1716 ||| READING scroll labelled ECZIEDDOITO.
  1717 | D:1      | 1717 ||| READING scroll labelled MUOSAA SOHUOBLA.
  1718 | D:1      | 1718 ||| READING 2 scrolls labelled CILUNUY JAUC.
  1719 | D:1      | 1719 ||| READING 2 scrolls labelled ZEISSI TIKE.
  1720 | D:1      | 1720 ||| READING scroll labelled IGAICIKHLIORE.
  1721 | D:1      | 1721 ||| DROPPING scroll of amnesia.
  1722 | D:1      | 1722 ||| DROPPING scroll of blinking.
  1723 | D:1      | 1723 ||| DROPPING scroll of fear.
  1724 | D:1      | 1724 ||| Stepping randomly (stuck).
  1725 | D:1      | 1725 ||| Stepping ~*~*~tactically~*~*~ (cloud).
  1729 | D:1      | HP: 5/21 [poisoned by you (poison gas)]
  1731 | D:1      | HP: 2/21 [poisoned by you (poison gas)]
  1733 | D:1      | Succumbed to their own poison gas

Levels and vault maps discovered:
D:1:      kilobyte_arrival_exit_the_forest, layout_loops_ring,
          ebering_ecumenical_altar_abandoned, feat_on_display

Skill      XL: |  1  2  3 |
---------------+----------+-----
Axes           | 3 4 |  4.2
Fighting       | |  2.0
Throwing       | |  1.0
Armour         | |  1.1
Dodging        | |  2.1
Spellcasting   | |  2.0
Translocations | |  2.4

Action                   || total
-------------------------++-------
Melee: Hand axe          ||    66
       Kick              ||    16
       Peck              ||     9
Throw: Boomerang         ||     7
  Use: Scroll            ||     6
Armor: Leather armour    ||     5
Dodge: Dodged            ||    36

Table legend:
 A = Non-vault XP
 B = Vault XP
 C = Vault XP percentage of total XP
 D = Non-vault monster count
 E = Vault monster count
 F = Vault count percentage of total count
                 A         B        C        D         E       F
            +---------+---------+-------+---------+---------+-------
      Total |      60 |       0 |   0.0 |      36 |       0 |   0.0
            +---------+---------+-------+---------+---------+-------
        D:1 |      60 |       0 |   0.0 |      36 |       0 |   0.0
            +---------+---------+-------+---------+---------+-------
